 Dungeon Crawl Stone Soup version 0.25.1-2-g60ff931df9 (webtiles) character file.

Game seed: 9376722267903526050

9324 sahdkjhfkaj the Thaumaturge (level 11, -4/64 HPs)
             Began as a Deep Elf Conjurer on Oct 26, 2020.
             Was a Priest of Vehumet.
             Slain by Harold
             ... wielding a +0 scimitar
              (19 damage)
             ... on level 10 of the Dungeon.
             The game lasted 00:22:19 (12205 turns).

sahdkjhfkaj the Thaumaturge (Deep Elf Conjurer)    Turns: 12205, Time: 00:22:20

Health: -4/64      AC:  8    Str:  5    XL:     11   Next: 21%
Magic:  10/36      EV: 20    Int: 24    God:    Vehumet [***...]
Gold:   320        SH:  0    Dex: 22    Spells: 12/30 levels left

rFire    . . .     SeeInvis .   f - +4 dagger (venom)
rCold    . . .     Gourm    .   (no shield)
rNeg     . . .     Faith    .   y - +1 robe of Honesty {Dex+7}
rPois    .         Spirit   .   (no helmet)
rElec    .         Reflect  .   (no cloak)
rCorr    .         Harm     .   (no gloves)
MR       +....                  a - +0 pair of boots
Stlth    +++.......             (no amulet)
HPRegen  0.20/turn              g - +4 ring of protection
MPRegen  0.25/turn              A - ring of magical power

@: lethally poisoned (-4 -> -5), marked
A: no striking features
a: Renounce Religion


You were on level 10 of the Dungeon.
You worshipped Vehumet.
Vehumet was most pleased with you.
You were not hungry.

You visited 2 branches of the dungeon, and saw 11 of its levels.

You collected 320 gold pieces.

Inventory:

Hand Weapons
 f - a +4 dagger of venom (weapon)
Missiles
 k - 2 throwing nets (quivered) {!f}
 x - 126 arrows
Armour
 a - a +0 pair of boots (worn)
 y - the +1 robe of Honesty (worn) {Dex+7}
   (You found it on level 7 of the Dungeon)

   It affects your dexterity (+7).
Jewellery
 g - a +4 ring of protection (left hand)
 A - a ring of magical power (right hand)
Wands
 e - a wand of flame (21)
 t - a wand of polymorph (30)
 v - a wand of iceblast (13)
 w - a wand of clouds (1)
Scrolls
 b - a scroll of teleportation {!r}
 i - 14 scrolls of remove curse {!r}
 j - 2 scrolls of torment {!r}
 l - 2 scrolls of enchant armour {!r}
 o - 2 scrolls of amnesia {!r}
 s - 2 scrolls of magic mapping {!r}
 u - a scroll of fear {!r, unknown}
Potions
 d - 3 potions of magic {!q}
 h - a potion of ambrosia {!q, unknown}
 m - a potion of stabbing {!q, unknown}
 n - a potion of lignification {!q, unknown}
 p - 3 potions of flight {!q}
 z - a potion of invisibility {!q, unknown}
Comestibles
 c - 15 rations


   Skills:
 - Level 6.0 Fighting
 - Level 9.0 Dodging
 - Level 2.4 Stealth
 - Level 10.0 Spellcasting
 - Level 6.7 Conjurations
 - Level 6.7 Hexes
 - Level 6.7 Translocations
 + Level 4.5 Transmutations
 - Level 5.0 Fire Magic
 - Level 5.0 Evocations


You had 12 spell levels left.
You knew the following spells:

 Your Spells              Type           Power        Failure   Level  Hunger
a - Magic Dart            Conj           ####         1%          1    None
b - Searing Ray           Conj           #####.       1%          2    None
f - Fulminant Prism       Conj/Hex       #####.....   1%          4    #......
B - Blink                 Tloc           N/A          1%          2    None
C - Conjure Flame         Conj/Fire      #####...     1%          3    None
M - Iskenderun's Mystic   Conj/Tloc      #####...     1%          4    #......
T - Sticks to Snakes      Tmut           ####....     1%          2    None

Your spell library contained the following spells:

 Spells                   Type           Power        Failure   Level  Hunger
 Inner Flame              Hex/Fire       #####...     1%          3    None
 Beastly Appendage        Tmut           ####..       1%          1    None
 Slow                     Hex            #####...     1%          2    None
 Dazzling Flash           Conj/Hex       #####.       1%          3    None
 Mephitic Cloud           Conj/Pois/Air  ###.....     1%          3    None
 Spider Form              Tmut/Pois      ###.......   6%          3    None
 Call Imp                 Summ           ##......     8%          2    None
 Ice Form                 Ice/Tmut       ###.....     21%         4    #......
 Blade Hands              Tmut           ####......   22%         5    ####...


Dungeon Overview and Level Annotations

Branches:
Dungeon (10/15)            Temple (1/1) D:6            Lair (0/6) D:9
    Orc: D:9-12

Altars:
Ashenzari
Cheibriados
Dithmenos
Elyvilon
Fedhas
Gozag
Hepliaklqana
Kikubaaqudgha
Makhleb
Nemelex Xobeh
Okawaru
Qazlal
Ru
Sif Muna
Trog
Uskayaw
Vehumet
Wu Jian
Xom
Yredelemnul
Zin
The Shining One

Annotations:
D:9 exclusion: 2 doors, hehateme's ghost, journeyman GrBe
D:10 Harold


Message History

Harold hits you but does no damage.
Unknown command.
Casting: Searing Ray (safe; 1% risk of failure)
Confirm with . or Enter, or press ? or * to list all spells.
Aiming: Searing Ray (safe; 1% risk of failure)
Press: ? - help, Shift-Dir - straight line, f/p - Harold
Aim: Harold, wielding a +0 scimitar and wearing a +0 scale mail (severely wounded)
The searing ray hits Harold.
Harold is almost dead.
The searing ray hits the yak.
The yak is moderately wounded. (Press . to maintain the ray.) Unknown command.
Unknown command.
The searing ray hits Harold.
Harold is almost dead.
The searing ray hits the yak!
The yak is severely wounded.
You feel sick. Harold hits you with a +0 scimitar!!
You die...

............
.........O.
........S.
.......
#...# #'####
#....# ....
#....# ....
#..@.# .....
###@##
.....##.5Y#
....(..oa{#
..........#
..........#
..5...†...#
.....##...#
..... #####


You could see Harold, a yak, a worker ant, a shadow imp and an orc.

Vanquished Creatures
  4 two-headed ogres
  Joseph (D:8)
  A troll (D:9)
  A hornet (D:9)
  3 hippogriffs
  Prince Ribbit (D:6)
  Sigmund (D:3)
  A yak (D:10)
  Eustachio (D:5)
  A hungry ghost (D:9)
  2 wargs (D:9)
  Duvessa (D:7)
  2 water moccasins
  3 orc warriors
  2 phantoms
  3 black bears (D:8)
  3 eyes of draining (D:3)
  An ice beast (D:9)
  A sky beast (D:9)
  A necrophage (D:8)
  2 centaurs
  4 ogres
  A crocodile (D:8)
  The ghost of bpung the Sneak, an amateur OpFE (D:3)
  3 bullfrogs
  6 scorpions
  Dowan (D:7)
  5 wights (D:9)
  4 killer bees (D:9)
  3 crimson imps
  A bullfrog zombie (D:8)
  2 jellies
  6 orc wizards
  2 bullfrog skeletons
  4 orc priests
  4 hounds
  An iron imp (D:7)
  6 iguanas
  7 worker ants
  2 hound zombies (D:5)
  2 worker ant zombies (D:8)
  9 gnolls
  15 adders
  2 shadow imps
  An adder zombie (D:6)
  4 worms
  3 dart slugs
  2 leopard geckos
  21 orcs
  A ball python (D:4)
  A bat zombie (D:2)
  3 giant cockroaches
  4 goblins
  3 hobgoblins
  15 jackals
  4 kobolds
  2 quokkas (D:3)
  3 bats
  4 frilled lizards
  5 rats
203 creatures vanquished.

Vanquished Creatures (others)
  26 fulminant prisms
26 creatures vanquished.

Grand Total: 229 creatures vanquished

Notes
Turn   | Place    | Note
-------+----------+-------------------------------------------
     0 | D:1      | sahdkjhfkaj the Deep Elf Conjurer began the quest for the
                  | Orb.
     0 | D:1      | Reached XP level 1. HP: 10/10 MP: 6/6
   491 | D:1      | Reached XP level 2. HP: 15/15 MP: 1/8
   706 | D:1      | Learned a level 2 spell: Searing Ray
   909 | D:2      | Reached skill level 5 in Conjurations
   915 | D:2      | Reached XP level 3. HP: 15/19 MP: 5/10
  1679 | D:3      | Noticed Sigmund
  1685 | D:3      | Killed Sigmund
  1685 | D:3      | Reached skill level 5 in Spellcasting
  1685 | D:3      | Reached XP level 4. HP: 19/24 MP: 3/13
  1685 | D:3      | Reached XP level 5. HP: 23/28 MP: 3/14
  1700 | D:3      | Learned a level 4 spell: Fulminant Prism
  1705 | D:3      | Learned a level 4 spell: Iskenderun's Mystic Blast
  1854 | D:3      | Found a runed translucent door.
  1859 | D:3      | Noticed bpung's ghost (amateur OpFE)
  1870 | D:3      | Killed bpung's ghost
  1870 | D:3      | Reached XP level 6. HP: 32/32 MP: 7/15
  2138 | D:3      | Reached skill level 5 in Hexes
  2148 | D:3      | Reached XP level 7. HP: 35/36 MP: 0/16
  2260 | D:3      | Found a bloodstained altar of Trog.
  2608 | D:4      | Reached skill level 1 in Translocations
  3046 | D:4      | Reached skill level 5 in Translocations
  3046 | D:4      | Reached XP level 8. HP: 14/41 MP: 9/17
  3747 | D:5      | Entered Level 5 of the Dungeon
  4087 | D:5      | Noticed Eustachio
  4216 | D:5      | Killed Eustachio
  4356 | D:5      | Reached skill level 6 in Spellcasting
  4482 | D:5      | Found an iron altar of Okawaru.
  5055 | D:5      | Reached skill level 7 in Spellcasting
  5531 | D:6      | Found a staircase to the Ecumenical Temple.
  5561 | Temple   | Entered the Ecumenical Temple
  5846 | Temple   | Became a worshipper of Vehumet
  6077 | D:6      | Noticed Prince Ribbit
  6086 | D:6      | Killed Prince Ribbit
  6086 | D:6      | Reached skill level 8 in Spellcasting
  6360 | D:6      | Reached skill level 9 in Spellcasting
  6636 | D:7      | Noticed Duvessa
  6636 | D:7      | Noticed Dowan
  6639 | D:7      | Killed Dowan
  6647 | D:7      | Killed Duvessa
  6647 | D:7      | Reached XP level 9. HP: 38/45 MP: 2/24
  6736 | D:7      | Reached skill level 10 in Spellcasting
  6736 | D:7      | Reached skill level 1 in Fighting
  7208 | D:7      | Reached skill level 1 in Evocations
  7384 | D:7      | Reached * piety under Vehumet
  7384 | D:7      | Offered knowledge of Sandblast by Vehumet.
  7410 | D:7      | Noticed a two-headed ogre
  7466 | D:7      | Got a steaming robe
  7477 | D:7      | Identified the +1 robe of Honesty {Dex+7} (You found it on
                  | level 7 of the Dungeon)
  7538 | D:7      | Killed a two-headed ogre
  7538 | D:7      | Reached skill level 5 in Evocations
  7538 | D:7      | Reached skill level 5 in Dodging
  8599 | D:8      | Reached XP level 10. HP: 56/56 MP: 26/26
  8605 | D:8      | Learned a level 3 spell: Conjure Flame
  8849 | D:8      | Reached skill level 1 in Fire Magic
  9126 | D:8      | Noticed Joseph
  9225 | D:8      | Killed Joseph
  9880 | D:9      | Noticed a two-headed ogre
  9884 | D:9      | Offered knowledge of Foxfire by Vehumet.
  9885 | D:9      | Reached ** piety under Vehumet
  9897 | D:9      | Killed a two-headed ogre
  9897 | D:9      | Reached skill level 5 in Fighting
 10135 | D:9      | Found a staircase to the Lair.
 10256 | D:9      | Found a large runed translucent door.
 10258 | D:9      | Found a large runed translucent door.
 10273 | D:9      | Noticed hehateme's ghost (journeyman GrBe)
 10750 | D:9      | HP: 1/59 [hehateme's ghost (15)]
 11037 | D:9      | Reached skill level 5 in Fire Magic
 11053 | D:9      | Found a snail-covered altar of Cheibriados.
 11120 | D:9      | Noticed a two-headed ogre
 11173 | D:9      | Offered knowledge of Inner Flame by Vehumet.
 11175 | D:9      | Killed a two-headed ogre
 11175 | D:9      | Reached XP level 11. HP: 56/64 MP: 15/27
 11179 | D:9      | Learned a level 2 spell: Sticks to Snakes
 11182 | D:9      | Learned a level 2 spell: Blink
 11797 | D:9      | Noticed a two-headed ogre
 11810 | D:9      | Killed a two-headed ogre
 12133 | D:10     | Entered Level 10 of the Dungeon
 12150 | D:10     | Noticed Harold
 12202 | D:10     | Reached *** piety under Vehumet
 12205 | D:10     | Slain by Harold

Illustrated notes

Levels and vault maps discovered:
D:1:      lightli_arrival_lavapool, layout_basic
D:2:      layout_rooms, chequers_decorated_corner, minmay_split_cup_small
D:3:      layout_rooms, trog_eyes_of_draining, ebering_ghost_reflecting_pool,
          uniq_sigmund
D:4:      layout_cave_pools
D:5:      minmay_bubble_buster, layout_gridville, first_ration,
          okawaru_ov_weapons_minmay, uniq_eustachio
D:6:      layout_basic, minmay_temple_entry_glassed_door, minmay_misc_feat_chi,
          minivault_19, chequers_serial_rivers_micro_a,
          hangedman_decor_diamond_cutter, grunt_ministairs_12,
          uniq_prince_ribbit1
D:7:      layout_gridville, serial_rivers, chequers_serial_rivers_room_a,
          chequers_serial_rivers_micro_d, chequers_serial_rivers_room_a,
          chequers_serial_rivers_marsh, uniq_duvessa
D:8:      layout_loops_cross, uniq_joseph
D:9:      layout_roguey, erik_lair_orcish_takeover, ebering_ghost_disaster_area,
          cheibriados_altar_1
D:10:     layout_gridville, uniq_harold
Temple:   minmay_crystal_snake_temple

Skill      XL: |  1  2  3  4  5  6  7  8  9 10 11 |
---------------+----------------------------------+-----
Conjurations   | 5 6 |  6.7
Spellcasting   | 5 9 10 | 10.0
Hexes          | 3 6 |  6.7
Translocations | 5 6 |  6.7
Fighting       | 3 6 |  6.0
Dodging        | 5 9 |  9.0
Evocations     | 5 |  5.0
Fire Magic     | 5 |  5.0
Transmutations | 4 |  4.5
Stealth        | |  2.4

Action                   |  1- 3 |  4- 6 |  7- 9 | 10-12 || total
-------------------------+-------+-------+-------+-------++-------
Melee: Unarmed           |     1 |       |       |       ||     1
       Dagger            |     1 |    62 |    40 |    19 ||   122
Throw: Throwing net      |       |       |       |     1 ||     1
 Cast: Magic Dart        |    28 |     3 |    21 |     2 ||    54
       Searing Ray       |    12 |     2 |    80 |    50 ||   144
       Fulminant Prism   |       |       |    16 |    10 ||    26
       Iskenderun's Myst |       |       |     4 |    18 ||    22
       Conjure Flame     |       |       |       |     2 ||     2
Evoke: Wand              |       |       |     1 |       ||     1
  Use: Scroll            |     4 |       |     5 |     8 ||    17
       Potion            |     2 |       |       |     1 ||     3
 Stab: Sleeping          |       |       |     2 |     1 ||     3
  Eat: Chunk             |     2 |     2 |    14 |     5 ||    23
       Ration            |       |       |     2 |     2 ||     4
Armor: Robe              |     3 |    15 |    37 |    13 ||    68
Dodge: Dodged            |    20 |    27 |    90 |    83 ||   220
